 Dungeon Crawl Stone Soup version 0.28.0-47-ge53b351184 (webtiles) character file.

Game seed: 8704861576587681915

35 firemarshallily the Ducker (level 3, -5/28 HPs)
             Began as a Demonspawn Gladiator on May 1, 2022.
             Was a Plaything of Xom.
             Slain by Terence
             ... wielding a +0 falchion
              (9 damage)
             ... on level 2 of the Dungeon.
             The game lasted 00:03:38 (1314 turns).

firemarshallily the Ducker (Demonspawn Gladiator)   Turns: 1314, Time: 00:03:39

Health: -5/28      AC:  3    Str: 16    XL:     3   Next: 16%
Magic:  3/3        EV: 12    Int:  9    God:    Xom [..*...]
Gold:   117        SH:  0    Dex: 14    Spells: 2/2 levels left

rFire   + . .      SeeInvis .   a - +1 long sword
rCold   . . .      Faith    .   (no shield)
rNeg    . . .      Spirit   .   b - +0 leather armour
rPois   .          Reflect  .   (helmet restricted)
rElec   .          Harm     .   (no cloak)
rCorr   .          Rampage  .   (no gloves)
Will    .....                   (no boots)
Stlth   +.........              j - amulet of magic regeneration
HPRegen 0.09/turn               h - ring of protection from fire
MPRegen 0.48/turn               (no ring)

@: no status effects
A: hooves 1, horns 1
a: Renounce Religion


You were on level 2 of the Dungeon.
You worshipped Xom.
You were a toy of Xom.
You visited 1 branch of the dungeon, and saw 2 of its levels.

You collected 117 gold pieces.

Inventory:

Hand Weapons
 a - a +1 long sword (weapon)
Missiles
 c - 9 stones
 d - 3 throwing nets (quivered)
Armour
 b - a +0 leather armour (worn)
Jewellery
 h - a ring of protection from fire (left hand)
 j - an amulet of magic regeneration (around neck)


   Skills:
 + Level 2.3 Fighting
 * Level 3.0 Long Blades
 - Level 2.0 Throwing
 * Level 1.0 Armour
 - Level 3.0 Dodging


You had 2 spell levels left.
You didn't know any spells.
Your spell library was empty.

Dungeon Overview and Level Annotations

Branches:
Dungeon (2/15)

Altars:
Xom

Annotations:
D:2 Terence


Innate Abilities, Weirdness & Mutations

You have large cloven feet.
You have a pair of small horns on your head.


Message History

Terence is heavily wounded.
Terence misses you. The hobgoblin hits you.
You hit Terence. Your kick misses Terence.
Terence is heavily wounded.
Terence hits you with a +0 falchion. The hobgoblin barely misses you.
You hit Terence.
Terence is heavily wounded.
Terence closely misses you. The hobgoblin misses you. The hobgoblin hits you.
You hit the hobgoblin.
You kill the hobgoblin!
Terence barely misses you. The hobgoblin barely misses you.
Terence hits you with a +0 falchion.
You hit Terence but do no damage. You kick Terence.
Terence is almost dead.
The hobgoblin closely misses you.
The frilled lizard bites you but does no damage.
Terence closely misses you.
You barely miss Terence. You kick Terence, but do no damage.
Terence is almost dead.
The hobgoblin closely misses you.
The frilled lizard bites you but does no damage.
Terence hits you with a +0 falchion.
You hit Terence but do no damage. Your kick misses Terence.
Terence is almost dead.
The hobgoblin closely misses you. The frilled lizard misses you.
Terence barely misses you. The frilled lizard misses you.
The hobgoblin closely misses you.
You hit Terence. You headbutt Terence, but do no damage.
Terence is almost dead.
Terence hits you with a +0 falchion.
* * * LOW HITPOINT WARNING * * *
The hobgoblin hits you but does no damage.
The frilled lizard closely misses you. Terence hits you with a +0 falchion.
* * * LOW HITPOINT WARNING * * *
Okay, then.
You barely miss Terence.
Terence is almost dead.
The hobgoblin closely misses you. The frilled lizard closely misses you.
Terence hits you with a +0 falchion!
You die...

#...
...........#####.........#
.................#.......
.......<...#######.......
...........# ....
#........# #.......##
###.....##
.........#######
......##.@.....#
......).gl@..#..#
.........r...#
...$.........#
.............#
.$......(.....
.............
............##


You could see Terence, a hobgoblin, a frilled lizard and a rat.

Vanquished Creatures
  A dart slug (D:2)
  2 ball pythons
  3 endoplasms
  A giant cockroach (D:1)
  2 goblins
  A hobgoblin (D:2)
  6 jackals (D:1)
  3 kobolds
  2 quokkas (D:1)
  5 bats
  2 frilled lizards (D:1)
  2 rats (D:1)
30 creatures vanquished.

Notes
Turn   | Place    | Note
-------+----------+-------------------------------------------
     0 | D:1      | firemarshallily the Demonspawn Gladiator began the quest
                  | for the Orb.
     0 | D:1      | Reached XP level 1. HP: 16/16 MP: 1/1
    36 | D:1      | Found a faded altar of an unknown god.
    48 | D:1      | Prayed at the altar of an unknown god.
    48 | D:1      | Became a worshipper of Xom of Chaos
   120 | D:1      | XOM: silly message
   363 | D:1      | Discovered your monstrous ancestry.
   363 | D:1      | Gained mutation: You have large cloven feet. [demonic
                  | ancestry]
   363 | D:1      | Reached XP level 2. HP: 15/22 MP: 2/2
  1221 | D:2      | XOM: scenery: summon butterflies
  1227 | D:2      | XOM: polymorph frilled lizard -> kobold
  1249 | D:2      | Gained mutation: You have a pair of small horns on your
                  | head. [demonic ancestry]
  1249 | D:2      | Reached XP level 3. HP: 27/27 MP: 3/3
  1282 | D:2      | Reached skill level 1 in Armour
  1301 | D:2      | Noticed Terence
  1314 | D:2      | Slain by Terence

Illustrated notes

Levels and vault maps discovered:
D:1:      ncdulo_smallfort, layout_rooms, ebering_ecumenical_altar_petrified,
          minmay_distorted
D:2:      layout_rooms, basic_altar, uniq_terence

Skill      XL: |  1  2  3 |
---------------+----------+-----
Throwing       | 2 |  2.0
Dodging        | 3 |  3.0
Long Blades    | 3 |  3.0
Armour         | 1 |  1.0
Fighting       | |  2.3

Action                   || total
-------------------------++-------
Melee: Long sword        ||    86
       Kick              ||    15
       Headbutt          ||     1
  Use: Scroll            ||     3
       Potion            ||     2
 Stab: Sleeping          ||     2
Armor: Leather armour    ||    27
Dodge: Dodged            ||    77
